[Event "Titled Tuesday Blitz March 29 Late 2022"]
[White "Koutlas, Nikolaos"]
[Black "Gauri, Shankar"]
[WhiteFideId "25827138"]
[BlackFideId "5041350"]
[WhiteElo "1610"]
[BlackElo "2240"]
[Result "1-0"]
[Round "08"]
[TimeControl "180+1"]
[Date "2022.03.30"]
[WhiteClock "0:02:29"]
[BlackClock "0:02:29"]

1. Nf3 Nf6 2. g3 b6 3. Bg2 Bb7 4. c4 g6 5. Nc3 Bg7 6. b3 O-O 7. Bb2 c5 8. O-O Na6 9. d3 d5 10. Nxd5 Nxd5 11. Bxg7 Kxg7 12. cxd5 Qxd5 13. Qd2 Rad8 14. Nh4 Qd7 15. Bxb7 Qxb7 16. Qg5 Rd5 17. Qe3 Nb4 18. Qe4 Rd4 19. Qxb7 1-0


[Site "https://www.chess.com"]

[Event "Titled Tuesday Blitz March 29 Late 2022"]
[White "Kozina, Anastasia"]
[Black "Estrada Nieto, Julian"]
[WhiteFideId "24174017"]
[BlackFideId "5101018"]
[WhiteElo "1993"]
[BlackElo "2246"]
[Result "1-0"]
[Round "08"]
[TimeControl "180+1"]
[Date "2022.03.30"]
[WhiteClock "0:00:40"]
[BlackClock "0:00:01"]

1. a3 e5 2. b4 g6 3. Bb2 Bg7 4. c4 d6 5. Nc3 Be6 6. d3 Ne7 7. g3 a5 8. Bg2 axb4 9. axb4 Rxa1 10. Qxa1 Nbc6 11. Nf3 O-O 12. b5 Nd4 13. O-O c5 14. e3 Nxf3+ 15. Bxf3 d5 16. cxd5 Nxd5 17. Ne4 Qc7 18. Rc1 b6 19. Ng5 Qd7 20. Bxe5 f6 21. Nxe6 Qxe6 22. Bb2 Nb4 23. d4 Nd3 24. Rd1 Qb3 25. Bc3 c4 26. Bd5+ Kh8 27. Rxd3 Qc2 28. Rd2 Qf5 29. Bg2 Rc8 30. d5 h5 31. d6 Kh7 32. Rd1 Rd8 33. Qc1 Qe6 34. Qd2 h4 35. gxh4 Bh6 36. d7 f5 37. Qd6 Qxd6 38. Rxd6 f4 39. Bf6 1-0


[Site "https://www.chess.com"]

[Event "Titled Tuesday Blitz March 29 Late 2022"]
[White "Le Goff, Ronan"]
[Black "Meza, Anahi"]
[WhiteFideId "612073"]
[BlackFideId "111325"]
[WhiteElo "2276"]
[BlackElo "1968"]
[Result "1-0"]
[Round "08"]
[TimeControl "180+1"]
[Date "2022.03.30"]
[WhiteClock "0:02:07"]
[BlackClock "0:00:59"]

1. d4 Nf6 2. Bf4 d6 3. Nc3 g6 4. e4 Bg7 5. Qd2 O-O 6. O-O-O Re8 7. Kb1 c6 8. h4 b5 9. f3 b4 10. Nce2 a5 11. g4 a4 12. h5 b3 13. hxg6 fxg6 14. cxb3 axb3 15. a3 Na6 16. Nc1 c5 17. Bc4+ Kh8 18. e5 dxe5 19. dxe5 Qxd2 20. Rxd2 Nd7 21. Rdh2 h5 22. Rxh5+ gxh5 23. Rxh5+ Bh6 24. Bxh6 1-0


[Site "https://www.chess.com"]

[Event "Titled Tuesday Blitz March 29 Late 2022"]
[White "Li, Ben"]
[Black "Al-Tarboush, Ward"]
[WhiteFideId "2089980"]
[BlackFideId "7601450"]
[WhiteElo "2267"]
[BlackElo "2276"]
[Result "1-0"]
[Round "08"]
[TimeControl "180+1"]
[Date "2022.03.29"]
[WhiteClock "0:01:45"]
[BlackClock "0:00:33"]

1. d4 b6 2. c4 Bb7 3. Nc3 Nf6 4. Nf3 e6 5. a3 Be7 6. d5 exd5 7. cxd5 O-O 8. e4 Re8 9. Bd3 Na6 10. O-O Nc5 11. Bc2 Bd6 12. Re1 Ng4 13. h3 Ne5 14. Nd4 a5 15. f4 Ng6 16. e5 Bf8 17. Be3 Qh4 18. Qd2 d6 19. e6 fxe6 20. dxe6 Qf6 21. f5 Nxe6 22. Nxe6 Rxe6 23. fxe6 Re8 24. Bg5 1-0


[Site "https://www.chess.com"]

[Event "Titled Tuesday Blitz March 29 Late 2022"]
[White "Ljukin, Sergei"]
[Black "Tanenbaum, Zachary"]
[WhiteFideId "14102200"]
[BlackFideId "2060850"]
[WhiteElo "2312"]
[BlackElo "2168"]
[Result "0-1"]
[Round "08"]
[TimeControl "180+1"]
[Date "2022.03.29"]
[WhiteClock "0:00:13"]
[BlackClock "0:00:23"]

1. e4 e5 2. Nf3 Nc6 3. Bb5 a6 4. Ba4 d6 5. c3 Nf6 6. Qe2 Be7 7. O-O O-O 8. d4 b5 9. Bb3 Bg4 10. Rd1 Qc8 11. a4 Rb8 12. a5 Re8 13. d5 Na7 14. c4 c6 15. Nc3 b4 16. Na4 Bd8 17. dxc6 Nxc6 18. Rxd6 Nd4 19. Rxd4 exd4 20. e5 Bc7 21. Bf4 Qf5 22. Bg3 Bxf3 23. Qxf3 Qxf3 24. gxf3 Bxe5 25. c5 d3 26. Nb6 d2 27. Rd1 Bxg3 28. fxg3 Re1+ 29. Kf2 Rxd1 30. Bxd1 Rb7 31. Ke2 Rc7 32. Na4 Nd7 33. Kxd2 Nxc5 34. Nb6 Nb7 35. Kd3 Nxa5 36. Nd5 Rd7 37. Kd4 Nc6+ 38. Kc5 Ne7 39. Nxe7+ Rxe7 40. Kxb4 Re1 41. Ba4 Re2 42. b3 Rxh2 43. Bc6 Rg2 44. g4 g6 45. Ka5 Ra2+ 46. Kb6 h5 47. gxh5 gxh5 0-1


[Site "https://www.chess.com"]

[Event "Titled Tuesday Blitz March 29 Late 2022"]
[White "Manolache, Marius"]
[Black "Jarocka, Liwia"]
[WhiteFideId "1201530"]
[BlackFideId "21807558"]
[WhiteElo "2389"]
[BlackElo "1896"]
[Result "1-0"]
[Round "08"]
[TimeControl "180+1"]
[Date "2022.03.30"]
[WhiteClock "0:02:11"]
[BlackClock "0:02:24"]

1. d4 Nf6 2. Bg5 d5 3. Bxf6 exf6 4. e3 c6 5. c4 g6 6. Nc3 Bg7 7. h4 h5 8. cxd5 cxd5 9. Qb3 O-O 10. Qxd5 Qb6 11. Qb3 Qd8 12. Nf3 b6 13. Bd3 Bb7 14. Bxg6 Nc6 15. Bxh5 Na5 16. Qb5 Rc8 17. Bg4 Rc7 18. Qh5 1-0


[Site "https://www.chess.com"]

[Event "Titled Tuesday Blitz March 29 Late 2022"]
[White "Martinez Reyes, Pedro Ramon"]
[Black "Hjartarson, Johann"]
[WhiteFideId "3901807"]
[BlackFideId "2300044"]
[WhiteElo "2410"]
[BlackElo "2450"]
[Result "0-1"]
[Round "08"]
[TimeControl "180+1"]
[Date "2022.03.29"]
[WhiteClock "0:00:03"]
[BlackClock "0:00:42"]

1. g4 d5 2. Bg2 c6 3. h3 Nf6 4. g5 Nfd7 5. d3 e5 6. e4 dxe4 7. dxe4 Be7 8. h4 Nc5 9. Qe2 Ne6 10. c3 Nd7 11. Nf3 Qc7 12. Nbd2 b6 13. Nc4 g6 14. h5 Rg8 15. hxg6 hxg6 16. Be3 Ba6 17. Nd6+ Qxd6 18. Qxa6 Ndc5 19. Qc4 Nd3+ 20. Kf1 Ndf4 21. Kg1 b5 22. Qf1 Nxg5 23. Nxg5 Bxg5 24. Rd1 Qe7 25. a4 a6 26. c4 bxa4 27. Bxf4 Bxf4 28. Rh3 Qb4 29. Rhd3 Kf8 30. Qe2 Kg7 31. Bh3 Rh8 32. Kg2 Rh4 33. Rd7 Rah8 34. R1d3 Qxc4 35. Qf3 g5 36. Qe2 Qc1 37. Rxf7+ Kxf7 38. Rd7+ Ke8 39. Qxa6 Rg4+ 40. Bxg4 Qh1# 0-1


[Site "https://www.chess.com"]

[Event "Titled Tuesday Blitz March 29 Late 2022"]
[White "Milanovic, Marko"]
[Black "Sanchez, Robert"]
[WhiteFideId "980129"]
[BlackFideId "2034360"]
[WhiteElo "2159"]
[BlackElo "2294"]
[Result "1-0"]
[Round "08"]
[TimeControl "180+1"]
[Date "2022.03.30"]
[WhiteClock "0:00:12"]
[BlackClock "0:00:02"]

1. e4 e6 2. d4 d5 3. Nc3 Nf6 4. e5 Nfd7 5. f4 c5 6. Nf3 Nc6 7. Be3 Be7 8. Be2 O-O 9. O-O cxd4 10. Nxd4 Nxd4 11. Bxd4 f6 12. Bg4 Nb6 13. exf6 Bxf6 14. Re1 Bxd4+ 15. Qxd4 Qf6 16. Qxf6 Rxf6 17. g3 Bd7 18. a4 a5 19. Rad1 Rc8 20. Re2 Kf7 21. Rde1 Rc7 22. f5 exf5 23. Re7+ Kg6 24. Bf3 d4 25. Nd5 Nxd5 26. Bxd5 Rd6 27. Bf7+ Kf6 28. Bb3 Rc5 29. Rf7+ Kg6 30. Ree7 Bc6 31. Rxg7+ Kh5 32. Rxh7+ Kg4 33. Kf2 f4 34. Rh4+ Kg5 35. Rxf4 d3 36. h4+ Kg6 37. Bf7+ Kh6 38. cxd3 Rc2+ 39. Ke3 Rc1 40. Kd2 Rb1 41. Kc2 Rg1 42. g4 Rg2+ 43. Kc3 Bxa4 44. Rxa4 1-0


[Site "https://www.chess.com"]

[Event "Titled Tuesday Blitz March 29 Late 2022"]
[White "Miszler, Levente"]
[Black "Erdogdu, Mert"]
[WhiteFideId "763276"]
[BlackFideId "6301495"]
[WhiteElo "1966"]
[BlackElo "2485"]
[Result "0-1"]
[Round "08"]
[TimeControl "180+1"]
[Date "2022.03.30"]
[WhiteClock "0:00:03"]
[BlackClock "0:00:11"]

1. Nf3 d5 2. d4 e6 3. g3 Nf6 4. Bg2 c5 5. c3 Nc6 6. O-O Be7 7. Re1 O-O 8. Nbd2 cxd4 9. Nxd4 Nxd4 10. cxd4 Bd7 11. e4 dxe4 12. Nxe4 Bc6 13. Bg5 Nxe4 14. Bxe7 Qxe7 15. Bxe4 Bxe4 16. Rxe4 Rad8 17. Qb3 Qc7 18. Rae1 Rd5 19. Qf3 Rfd8 20. Qe3 g6 21. h4 h5 22. Rc1 Qd7 23. Qf4 Rc8 24. Rxc8+ Qxc8 25. Qd2 Kg7 26. Re3 Qd7 27. Rb3 e5 28. Rd3 Rxd4 29. Rxd4 Qxd4 30. Qc2 e4 31. Kg2 b5 32. Qb3 b4 33. Qc2 Qd5 34. a3 bxa3 35. bxa3 a5 36. Qa4 e3+ 37. Kf1 Qd3+ 38. Kg2 e2 39. Qxa5 Qe4+ 40. f3 e1=Q 41. Qg5 Q4e2+ 42. Kh3 Qh1# 0-1


[Site "https://www.chess.com"]

[Event "Titled Tuesday Blitz March 29 Late 2022"]
[White "Nazaretyan, Tigran"]
[Black "Prohorov, Olexandr"]
[WhiteFideId "24162345"]
[BlackFideId "14105578"]
[WhiteElo "2219"]
[BlackElo "1993"]
[Result "1-0"]
[Round "08"]
[TimeControl "180+1"]
[Date "2022.03.30"]
[WhiteClock "0:00:20"]
[BlackClock "0:00:07"]

1. d4 c5 2. d5 g6 3. e4 Bg7 4. Nf3 d6 5. Bb5+ Nd7 6. a4 Nf6 7. Nbd2 O-O 8. O-O a6 9. Bd3 b6 10. Re1 Re8 11. h3 e6 12. Nc4 Qc7 13. dxe6 Rxe6 14. Bf4 Ne5 15. Nfxe5 dxe5 16. Bh2 Bb7 17. Qe2 Nh5 18. a5 b5 19. Nb6 c4 20. Bxc4 bxc4 21. Nxa8 Bxa8 22. Red1 Re8 23. Ra4 c3 24. Rc4 Qxa5 25. Rxc3 Nf4 26. Qc4 Qb6 27. Rb3 Qc6 28. Qxc6 Bxc6 29. c4 Ne2+ 30. Kf1 Nd4 31. Rb6 Bxe4 32. Rxa6 Rc8 33. Rc1 Bd3+ 34. Ke1 e4 35. Rb6 Nc2+ 36. Kd1 e3 37. fxe3 f5 38. Rxc2 Bxc2+ 39. Kxc2 Rxc4+ 40. Kd3 Rc1 41. b4 g5 42. b5 Rc5 43. Rb8+ Kf7 44. b6 Kg6 45. Rd8 Rc3+ 46. Kd2 f4 47. b7 fxe3+ 48. Ke2 Rb3 49. b8=Q Rxb8 50. Bxb8 Bf6 51. Rd6 Kf5 52. g4+ Ke5 53. Ra6+ 1-0


[Site "https://www.chess.com"]

[Event "Titled Tuesday Blitz March 29 Late 2022"]
[White "Omariev, Maksim"]
[Black "Fernandez Siles, Luis"]
[WhiteFideId "4193423"]
[BlackFideId "2209420"]
[WhiteElo "2513"]
[BlackElo "2212"]
[Result "1-0"]
[Round "08"]
[TimeControl "180+1"]
[Date "2022.03.30"]
[WhiteClock "0:00:11"]
[BlackClock "0:00:07"]

1. g4 g6 2. Bg2 Bg7 3. d4 c6 4. h4 h5 5. g5 d6 6. c4 e5 7. d5 Ne7 8. Nc3 a5 9. Nf3 Na6 10. Nd2 Nc5 11. Nde4 Nxe4 12. Bxe4 Bf5 13. Qd3 a4 14. Be3 Bxe4 15. Qxe4 cxd5 16. Nxd5 Qa5+ 17. Bd2 Qc5 18. Nxe7 Kxe7 19. Qxb7+ Ke6 20. Be3 Rab8 21. Qxb8 Qa5+ 22. Bd2 Qxd2+ 23. Kxd2 Rxb8 24. Kc2 e4 25. Rab1 a3 26. bxa3 Ra8 27. Rb3 Ra4 28. Rb4 Rxa3 29. Kb1 Be5 30. e3 Ra8 31. Rc1 f6 32. a4 fxg5 33. hxg5 Rf8 34. a5 Ra8 35. Ra4 Ra6 36. Kc2 d5 37. cxd5+ Kxd5 38. Kb3 Bc7 39. Rxc7 Re6 40. Rcc4 Kd6 41. Rxe4 Rxe4 42. Rxe4 Kd5 43. Rd4+ Kc5 44. Ka4 Kc6 45. Re4 h4 46. Rf4 h3 47. Rh4 h2 48. Rxh2 Kb7 49. Rh6 Ka6 50. Rxg6+ Ka7 51. Rf6 Kb7 52. f4 Kc7 53. g6 1-0


[Site "https://www.chess.com"]

[Event "Titled Tuesday Blitz March 29 Late 2022"]
[White "Pakleza, Zbigniew"]
[Black "Moral Garcia, Serafin"]
[WhiteFideId "1119290"]
[BlackFideId "2201925"]
[WhiteElo "2467"]
[BlackElo "2228"]
[Result "1-0"]
[Round "08"]
[TimeControl "180+1"]
[Date "2022.03.29"]
[WhiteClock "0:00:18"]
[BlackClock "0:01:22"]

1. d4 Nf6 2. Nf3 g6 3. Bf4 Bg7 4. e3 O-O 5. Be2 c5 6. c3 b6 7. O-O Bb7 8. h3 d6 9. Nbd2 Nbd7 10. a4 Ne4 11. Nxe4 Bxe4 12. a5 Re8 13. Bg3 Qc7 14. Qb3 h6 15. Rfd1 e5 16. dxe5 Nxe5 17. Nxe5 Bxe5 18. Bxe5 Rxe5 19. Bf1 Bc6 20. axb6 axb6 21. Rxa8+ Bxa8 22. Qa4 Bc6 23. Qf4 Kg7 24. Bc4 f6 25. Bd3 Qe7 26. Ra1 Be4 27. Bxe4 Rxe4 28. Qg3 b5 29. Ra6 Re5 30. Qf3 g5 31. Qa8 Kg6 32. Ra7 Qe6 33. Qb7 Qg8 34. Qxb5 h5 35. Qd3+ Kh6 36. Qxd6 Qe6 37. Qf8+ Kg6 38. Qg7+ 1-0


[Site "https://www.chess.com"]

[Event "Titled Tuesday Blitz March 29 Late 2022"]
[White "Paravyan, David"]
[Black "Martinez Alcantara, Jose Eduardo"]
[WhiteFideId "4194985"]
[BlackFideId "3805662"]
[WhiteElo "2569"]
[BlackElo "2690"]
[Result "1-0"]
[Round "08"]
[TimeControl "180+1"]
[Date "2022.03.29"]
[WhiteClock "0:00:03"]
[BlackClock "0:00:02"]

1. e4 c5 2. Nf3 d6 3. d4 cxd4 4. Nxd4 Nf6 5. Nc3 Nc6 6. Bg5 e6 7. Qd2 a6 8. Nxc6 bxc6 9. O-O-O Be7 10. Bxf6 gxf6 11. Bc4 Qa5 12. Rhe1 Bb7 13. Kb1 O-O-O 14. Bb3 Kb8 15. f4 Rd7 16. f5 exf5 17. exf5 d5 18. Qh6 Qd8 19. a3 Bd6 20. g3 Be5 21. Na4 Bd6 22. Qe3 Re7 23. Qd4 Rhe8 24. Rxe7 Qxe7 25. Qh4 Be5 26. Qxh7 Rd8 27. Qh6 c5 28. Qe3 c4 29. Ba2 d4 30. Qe2 c3 31. b4 Rd6 32. Nc5 Rb6 33. Qc4 Bc8 34. Bb3 Qc7 35. g4 a5 36. b5 Rd6 37. a4 Qb6 38. Ne4 Rd7 39. h4 Bb7 40. Qd3 Qd8 41. Ka2 Qc7 42. Re1 Re7 43. g5 Bf4 44. gxf6 Rd7 45. Nf2 Be3 46. Ng4 Bd2 47. Re8+ Ka7 48. Ne5 Rd6 49. Re7 Qc5 50. Nc6+ Kb6 51. Rxf7 Bc1 52. Kb1 Qa3 53. Rxb7+ Kc5 54. Qc4# 1-0


[Site "https://www.chess.com"]

[Event "Titled Tuesday Blitz March 29 Late 2022"]
[White "Petesch, Gabriel"]
[Black "Terrieux, Kevin"]
[WhiteFideId "2032465"]
[BlackFideId "622591"]
[WhiteElo "2374"]
[BlackElo "2482"]
[Result "0-1"]
[Round "08"]
[TimeControl "180+1"]
[Date "2022.03.29"]
[WhiteClock "0:00:02"]
[BlackClock "0:00:16"]

1. Nf3 d5 2. g3 g6 3. Bg2 Bg7 4. O-O e5 5. d4 e4 6. Nfd2 Ne7 7. c4 c6 8. Nc3 O-O 9. cxd5 cxd5 10. Nb3 Nbc6 11. Bg5 h6 12. Be3 f5 13. Rc1 g5 14. f4 exf3 15. exf3 f4 16. Bf2 Nf5 17. Qd3 fxg3 18. hxg3 Qd6 19. f4 Nfe7 20. fxg5 hxg5 21. Be3 Qxg3 22. Rxf8+ Bxf8 23. Rf1 Bg7 24. Rf3 Qg4 25. Kf2 Bf5 26. Qd2 Be4 27. Nxe4 dxe4 28. d5 exf3 0-1


[Site "https://www.chess.com"]

[Event "Titled Tuesday Blitz March 29 Late 2022"]
[White "Petrova, Irina"]
[Black "Curtis, John"]
[WhiteFideId "14124122"]
[BlackFideId "3200256"]
[WhiteElo "1993"]
[BlackElo "2203"]
[Result "1-0"]
[Round "08"]
[TimeControl "180+1"]
[Date "2022.03.30"]
[WhiteClock "0:00:11"]
[BlackClock "0:00:03"]

1. e4 d5 2. exd5 Qxd5 3. Nc3 Qa5 4. d4 c6 5. Bd2 Nf6 6. Bc4 Bg4 7. f3 Bf5 8. Nge2 e6 9. Ng3 Bg6 10. Nge4 Nbd7 11. O-O Qb6 12. Be3 Bxe4 13. Nxe4 Nd5 14. Bxd5 cxd5 15. Nc3 a6 16. Qd3 Rc8 17. Rae1 Be7 18. Bc1 Nf6 19. g4 h6 20. Kg2 Rc4 21. Ne2 Bd6 22. c3 Rc7 23. Ng3 Kd7 24. Re2 Kc8 25. b3 Qb5 26. Qd1 Rxc3 27. Rff2 Kb8 28. Rc2 Rxc2 29. Rxc2 Rc8 30. Rxc8+ Kxc8 31. Ne2 Kd7 32. Nf4 Bxf4 33. Bxf4 Ne8 34. Qc2 f6 35. Bg3 Qc6 36. Qg6 Qc3 37. Qf7+ Kd8 38. Bf2 1-0


[Site "https://www.chess.com"]

[Event "Titled Tuesday Blitz March 29 Late 2022"]
[White "Petrovic, Aleksa"]
[Black "Quintiliano Pinto, Renato R."]
[WhiteFideId "967629"]
[BlackFideId "2117568"]
[WhiteElo "2245"]
[BlackElo "2439"]
[Result "0-1"]
[Round "08"]
[TimeControl "180+1"]
[Date "2022.03.29"]
[WhiteClock "0:00:06"]
[BlackClock "0:00:20"]

1. d4 Nf6 2. c4 e6 3. Nc3 Bb4 4. Qc2 c5 5. dxc5 O-O 6. a3 Bxc5 7. Nf3 Qb6 8. e3 Be7 9. Bd3 a6 10. b4 d6 11. Bb2 Nbd7 12. Rb1 Qc7 13. Ne4 h6 14. Nxf6+ Nxf6 15. O-O b6 16. e4 Bb7 17. e5 Ng4 18. Bh7+ Kh8 19. Be4 Bxe4 20. Qxe4 Nxe5 21. Bxe5 dxe5 22. Nxe5 Bd6 23. Nf3 a5 24. Rfc1 axb4 25. c5 bxc5 26. axb4 Rab8 27. bxc5 Rxb1 28. Qxb1 Bxc5 29. Qc2 Rd8 30. g3 Rd5 31. Ne1 Qd7 32. Nd3 Rxd3 33. Qxc5 Kh7 34. Qc2 g6 35. Qc6 Qd4 36. Qb7 Kg7 37. Rc7 Qf6 38. Rc4 Rf3 39. Rc2 h5 40. Kg2 h4 41. Qb2 hxg3 42. Qxf6+ Rxf6 43. hxg3 g5 44. Rc5 Kg6 45. Ra5 g4 46. Ra8 Kg5 47. Rg8+ Rg6 48. Rf8 Kf6 49. Ra8 Kf5 50. Ra5+ e5 51. Ra4 Rc6 52. Ra7 f6 53. Rh7 Rc2 54. Rh5+ Kg6 55. Rh4 Kg5 56. Rh8 Rd2 57. Rg8+ Kf5 58. Ra8 Ke4 59. Ra4+ Rd4 60. Ra6 f5 61. Ra3 Rc4 62. Re3+ Kd5 63. Re1 Ke6 64. Re2 Rc3 65. Ra2 Kf6 66. Ra6+ Kg5 67. Ra5 e4 68. Ra8 e3 69. Rg8+ Kf6 70. fxe3 Rxe3 71. Rf8+ Kg6 72. Rg8+ Kf7 73. Ra8 Re2+ 74. Kf1 Rb2 75. Ra6 Rd2 76. Rb6 Ke7 77. Kg1 Rd6 78. Rb5 Kf6 79. Kg2 Ke6 80. Rb2 Rd5 81. Re2+ Re5 82. Ra2 Kf6 83. Ra6+ Kg5 84. Ra2 Rb5 85. Rc2 Kf6 86. Ra2 Ke6 87. Re2+ Kd5 88. Rd2+ Kc4 89. Rf2 Kd3 90. Ra2 Kc3 91. Rf2 Rd5 92. Ra2 Rd2+ 93. Rxd2 Kxd2 94. Kf2 Kd3 95. Kf1 Ke3 96. Kg2 Ke2 97. Kg1 Kf3 98. Kh2 Kf2 99. Kh1 Kxg3 100. Kg1 f4 0-1


[Site "https://www.chess.com"]

[Event "Titled Tuesday Blitz March 29 Late 2022"]
[White "Piliczewski, Bogusz"]
[Black "Ardila, Oscar Humberto"]
[WhiteFideId "1104144"]
[BlackFideId "4404742"]
[WhiteElo "1896"]
[BlackElo "1966"]
[Result "1-0"]
[Round "08"]
[TimeControl "180+1"]
[Date "2022.03.30"]
[WhiteClock "0:00:49"]
[BlackClock "0:00:00"]

1. d4 Nf6 2. Nf3 g6 3. Bf4 Bg7 4. e3 d6 5. h3 O-O 6. Be2 Nbd7 7. O-O b6 8. c4 Bb7 9. Nc3 Ne4 10. Nxe4 Bxe4 11. Nd2 Bb7 12. Bf3 Bxf3 13. Nxf3 e5 14. Bh2 exd4 15. exd4 Qf6 16. Qd2 Rfe8 17. Rad1 Qe6 18. d5 Qf6 19. b3 Nc5 20. Rfe1 a5 21. Rxe8+ Rxe8 22. Re1 Rxe1+ 23. Qxe1 Kf8 24. Bg3 Qb2 25. Qd2 Qa1+ 26. Kh2 Ne4 27. Qe2 f5 28. Bf4 Bd4 29. Bh6+ Kf7 30. Ng5+ Nxg5 31. Bxg5 Be5+ 32. f4 Bf6 33. Qe6+ Kg7 34. Qd7+ Kg8 35. Qc8+ Kg7 36. Qxc7+ Kg8 37. Qc8+ Kg7 38. Qd7+ Kg8 39. Qe6+ Kg7 40. Bxf6+ Qxf6 41. Qxf6+ Kxf6 42. g4 fxg4 43. hxg4 h5 44. Kg3 hxg4 45. Kxg4 Kf7 46. f5 Kf6 47. fxg6 Kxg6 48. Kf4 Kf6 49. a3 Kg6 50. Ke4 Kf6 51. Kd4 1-0


[Site "https://www.chess.com"]

[Event "Titled Tuesday Blitz March 29 Late 2022"]
[White "Pourkashiyan, Atousa"]
[Black "Adewumi, Tanitoluwa"]
[WhiteFideId "12502014"]
[BlackFideId "30966396"]
[WhiteElo "2247"]
[BlackElo "2571"]
[Result "0-1"]
[Round "08"]
[TimeControl "180+1"]
[Date "2022.03.30"]
[WhiteClock "0:00:11"]
[BlackClock "0:00:03"]

1. e4 c5 2. Nf3 d6 3. d4 cxd4 4. Nxd4 Nf6 5. Nc3 a6 6. Be2 e5 7. Nb3 Be7 8. O-O Nc6 9. Be3 O-O 10. a3 Be6 11. Qd3 Rc8 12. Nd5 Bxd5 13. exd5 Nb8 14. c4 Nbd7 15. Nd2 Ne8 16. Bg4 g6 17. Bxd7 Qxd7 18. b4 f5 19. f3 Nf6 20. Rac1 b5 21. Rfd1 bxc4 22. Nxc4 Qb5 23. Na5 e4 24. Qxb5 axb5 25. Nc6 Bd8 26. Bf4 Bb6+ 27. Kh1 Kf7 28. Bxd6 Rfe8 29. Bc5 Bxc5 30. Rxc5 e3 31. Ne5+ Kg7 32. Rxc8 Rxc8 33. d6 Rd8 34. Kg1 e2 35. Re1 Rxd6 36. Rxe2 Rd1+ 37. Kf2 Nd5 38. g3 Nc3 39. Rc2 Nb1 40. Rc7+ Kf6 41. Nd7+ Ke6 42. Nc5+ Kf6 43. Ra7 Rd2+ 44. Ke3 Rxh2 45. Ra6+ Kg5 46. Ne6+ Kh6 47. Nd4 Nc3 48. Nxf5+ Kg5 49. Nd4 Nd1+ 50. Ke4 Rd2 51. Nxb5 Nf2+ 52. Ke3 Ra2 53. Nd4 Nd1+ 54. Kd3 Nb2+ 55. Kc3 Nd1+ 56. Kb3 Rb2+ 57. Kc4 Ne3+ 58. Kb5 Nf1 59. Rc6 Nxg3 60. Rc2 Rxc2 61. Nxc2 h5 0-1


[Site "https://www.chess.com"]

[Event "Titled Tuesday Blitz March 29 Late 2022"]
[White "Reprintsev, Alexander"]
[Black "Meduri, Aakaash"]
[WhiteFideId "14100541"]
[BlackFideId "2032252"]
[WhiteElo "2108"]
[BlackElo "2096"]
[Result "1-0"]
[Round "08"]
[TimeControl "180+1"]
[Date "2022.03.30"]
[WhiteClock "0:00:16"]
[BlackClock "0:00:01"]

1. e4 g6 2. d4 Bg7 3. Nc3 c5 4. dxc5 Qa5 5. Bd2 Qxc5 6. Nd5 Nf6 7. Bb4 Qc6 8. Bb5 Nxd5 9. Bxc6 Nxb4 10. Ba4 Bxb2 11. Ne2 Bxa1 12. Qxa1 O-O 13. O-O N8c6 14. c3 Na6 15. Rd1 d6 16. Nd4 Bd7 17. Qb2 Nc5 18. Bxc6 bxc6 19. e5 Rfd8 20. exd6 exd6 21. Nb3 Nxb3 22. axb3 Be6 23. Qa3 c5 24. h3 Rd7 25. b4 cxb4 26. cxb4 Rb8 27. Rd4 Rb6 28. g4 h6 29. Qc3 d5 30. f4 Rdb7 31. f5 gxf5 32. gxf5 Bxf5 33. Rxd5 Be6 34. Rd8+ Kh7 35. Rh8+ Kg6 36. Rg8+ Kf5 37. Rg4 Rb5 38. Kh2 h5 39. Rd4 Kg6 40. Qg3+ Kh6 41. Qd6 1-0


[Site "https://www.chess.com"]

[Event "Titled Tuesday Blitz March 29 Late 2022"]
[White "Riazantsev, Alexander"]
[Black "Vovk, Orest"]
[WhiteFideId "4125029"]
[BlackFideId "14113490"]
[WhiteElo "2595"]
[BlackElo "2203"]
[Result "1-0"]
[Round "08"]
[TimeControl "180+1"]
[Date "2022.03.29"]
[WhiteClock "0:00:45"]
[BlackClock "0:00:09"]

1. d4 h6 2. Nf3 g5 3. a4 Bg7 4. a5 g4 5. Ng1 d5 6. c3 Nf6 7. Bf4 Nh5 8. Bd2 Nc6 9. e3 a6 10. h3 Nf6 11. hxg4 Bxg4 12. Qb3 Rb8 13. Nf3 Ne4 14. Be2 h5 15. c4 Nxd2 16. Nbxd2 dxc4 17. Bxc4 e6 18. Ne4 b5 19. axb6 Rxb6 20. Qc3 Bxf3 21. gxf3 Nxd4 22. exd4 Bxd4 23. Qd3 Rxb2 24. Rd1 c5 25. Qa3 Qb6 26. Kf1 f5 27. Nd2 Rg8 28. Qa4+ Ke7 29. Rxh5 Rxd2 30. Rxd2 Qb1+ 31. Qd1 Qb4 32. Qe2 Qb1+ 33. Rd1 Qb4 34. Qxe6+ 1-0


[Site "https://www.chess.com"]

[Event "Titled Tuesday Blitz March 29 Late 2022"]
[White "Romanchuk, Viktor"]
[Black "Kosakowski, Jakub"]
[WhiteFideId "14109271"]
[BlackFideId "1185080"]
[WhiteElo "2242"]
[BlackElo "2476"]
[Result "0-1"]
[Round "08"]
[TimeControl "180+1"]
[Date "2022.03.29"]
[WhiteClock "0:00:54"]
[BlackClock "0:00:47"]

1. d4 Nf6 2. c4 e6 3. Nc3 Bb4 4. e3 c5 5. Ne2 cxd4 6. exd4 O-O 7. a3 Be7 8. Nf4 d5 9. c5 Nc6 10. Be2 e5 11. dxe5 Nxe5 12. Ncxd5 Bxc5 13. O-O Bf5 14. b4 Nxd5 15. Nxd5 Bd6 16. Bb2 Qh4 17. g3 Qh6 18. Qc1 Qe6 19. Nf4 Qe7 20. Re1 Rac8 21. Qe3 Rfe8 22. Rad1 Bb8 23. Bb5 Nf3+ 24. Qxf3 Qxe1+ 25. Rxe1 Rxe1+ 26. Kg2 Be4 0-1


[Site "https://www.chess.com"]

[Event "Titled Tuesday Blitz March 29 Late 2022"]
[White "Romero Ruscalleda, Josep"]
[Black "Mortazavi, Ali"]
[WhiteFideId "2231859"]
[BlackFideId "401323"]
[WhiteElo "2341"]
[BlackElo "2339"]
[Result "0-1"]
[Round "08"]
[TimeControl "180+1"]
[Date "2022.03.30"]
[WhiteClock "0:00:14"]
[BlackClock "0:01:18"]

1. e4 c6 2. Nc3 d5 3. Nf3 dxe4 4. Nxe4 Nf6 5. Qe2 Be6 6. d4 Nxe4 7. Qxe4 Bd5 8. Qe3 Bxf3 9. gxf3 e6 10. c3 Nd7 11. Rg1 g6 12. Qg5 Qxg5 13. Bxg5 Be7 14. Bh6 O-O-O 15. O-O-O Rhg8 16. Bf4 Nf6 17. Bd3 Nh5 18. Be3 Bd6 19. h4 Be7 20. Bg5 Rge8 21. Rde1 Rd5 22. Be4 Rd7 23. Kc2 Bd6 24. Bd2 Bf4 25. Be3 Red8 26. a4 a5 27. Rb1 e5 28. Rgd1 Kc7 29. dxe5 Bxe5 30. Rxd7+ Rxd7 31. Rd1 Rxd1 32. Kxd1 Bf6 33. Bg5 Bxg5 34. hxg5 Kd6 35. Ke2 Ke5 36. Ke3 Nf4 37. Bc2 Nd5+ 38. Kd3 Kf4 39. Kc4 Kxg5 40. Be4 h5 41. b4 f5 42. Bxd5 cxd5+ 43. Kxd5 h4 44. b5 h3 45. c4 h2 46. Kc5 h1=Q 47. Kb6 Qxf3 0-1


[Site "https://www.chess.com"]

[Event "Titled Tuesday Blitz March 29 Late 2022"]
[White "Ronka, Erik"]
[Black "Melaugh, Shane"]
[WhiteFideId "505080"]
[BlackFideId "2509580"]
[WhiteElo "2264"]
[BlackElo "2014"]
[Result "1-0"]
[Round "08"]
[TimeControl "180+1"]
[Date "2022.03.30"]
[WhiteClock "0:00:07"]
[BlackClock "0:00:09"]

1. e4 e6 2. d4 d5 3. exd5 exd5 4. Nf3 Bd6 5. c4 c6 6. Nc3 Ne7 7. Bd3 Bg4 8. h3 Bh5 9. g4 Bg6 10. Ne5 dxc4 11. Bxc4 Bxe5 12. dxe5 Qa5 13. f4 Be4 14. Rf1 O-O 15. Bd2 Qc5 16. Qe2 Bd5 17. Bd3 b5 18. Rc1 Qd4 19. a3 Bc4 20. Bxc4 bxc4 21. Be3 Qd3 22. Rd1 Qxe2+ 23. Kxe2 Na6 24. Rd7 Nd5 25. Nxd5 cxd5 26. Rxd5 Rab8 27. Bd4 Rfd8 28. Rxd8+ Rxd8 29. Bc3 Nc5 30. f5 Rd5 31. Rf4 Nd3 32. Rxc4 h5 33. Rd4 Rxd4 34. Bxd4 Nf4+ 35. Kf3 Nxh3 36. gxh5 Ng5+ 37. Kf4 Nh7 38. Bxa7 Nf8 39. Bd4 Nd7 40. a4 Kf8 41. a5 Nb8 42. b4 Ke7 43. b5 Kd7 44. a6 Kc7 45. a7 Kb7 46. axb8=Q+ Kxb8 47. e6 fxe6 48. fxe6 Kc7 49. Bxg7 Kd6 50. h6 Kxe6 51. h7 Kf7 52. h8=Q Kg6 53. Qh6+ Kf7 54. Qf6+ Ke8 55. b6 Kd7 56. b7 Kc7 57. Qe5+ Kc6 58. Ke4 Kd7 59. Qd5+ Ke7 60. Be5 Kf8 61. b8=Q+ Ke7 62. Qbb7+ Ke8 63. Qdf7+ Kd8 64. Qg8# 1-0


[Site "https://www.chess.com"]